 Dungeon Crawl Stone Soup version 0.18.1-5-g4a78601 (webtiles) character file.

35 epen the Cudgeler (level 3, 0/33 HPs)
             Began as a Gargoyle Gladiator on May 13, 2016.
             Slain by a goblin
             ... wielding a +0 dagger
             ... led by Robin
              (1 damage)
             ... on level 2 of the Dungeon.
             The game lasted 00:01:58 (644 turns).

epen the Cudgeler (Gargoyle Gladiator)               Turns: 644, Time: 00:01:59

Health: 0/33       AC:  7    Str: 24    XL:     3   Next: 33%
Magic:  3/3        EV: 12    Int:  8    God:
Gold:   47         SH:  0    Dex: 10    Spells: 0 memorised, 2 levels left

rFire  . . .     SeeInvis .     a - +0 flail
rCold  . . .     Gourm    .     b - +0 leather armour
rNeg   + . .     Faith    .     (no shield)
rPois  ∞         Spirit   .     i - +1 hat
rElec  +         Dismiss  .     (no cloak)
rCorr  .         Reflect  .     (no gloves)
SustAt .         Harm     .     (no boots)
MR     .....                    (no amulet)
Stlth  ..........               (no ring)
                                (no ring)

@: berserking, very quick, not resistant to hostile enchantments, extremely
unstealthy
A: negative energy resistance 1, electricity resistance, unbreathing,
petrification resistance, rot immunity, AC +3
a: no special abilities


You were on level 2 of the Dungeon.
You were not hungry.

You visited 1 branch of the dungeon, and saw 2 of its levels.

You collected 47 gold pieces.

Inventory:

Hand Weapons
 a - a +0 flail (weapon)
Missiles
 d - 3 throwing nets (quivered)
Armour
 b - a +0 leather armour (worn)
 c - a +0 helmet
 i - a +1 hat (worn)
Scrolls
 k - a scroll of identify {unknown}
Potions
 e - a potion of agility {unknown}
 j - a potion of brilliance {unknown}
 l - a potion of lignification {unknown}
Comestibles
 f - a bread ration
 g - a meat ration
 m - 3 chunks of flesh


   Skills:
 + Level 2.5 Fighting
 * Level 3.6 Maces & Flails
 - Level 1.7 Throwing
 + Level 0.7 Armour
 * Level 2.8 Dodging


You had 2 spell levels left.
You didn't know any spells.

Dungeon Overview and Level Annotations

Branches:
Dungeon (2/15)

Altars:

Annotations:
D:2 Robin


Innate Abilities, Weirdness & Mutations

You are resistant to torment.
Your stone body is resilient (AC +3).
You are immune to poison.
You resist negative energy.
You are resistant to electric shocks.
You can survive without breathing.
You are immune to petrification.
You are immune to rotting.


Message History

Unknown command.
Drink which item? (? for menu, Esc to quit)
It was a potion of berserk rage.
A red film seems to cover your vision as you go berserk!
You feel yourself moving faster!
You feel mighty!
The goblin hits you but does no damage. x2; The goblin barely misses you. x2
Robin misses you.
You barely miss Robin.
Robin is heavily wounded.
The goblin no longer looks unusually strong.
The goblin barely misses you. The goblin hits you but does no damage.
The goblin hits you with a club.
* * * LOW HITPOINT WARNING * * *
The goblin hits you with a mace.
* * * LOW HITPOINT WARNING * * *
Robin roars a battlecry!
The goblins go into a battle-frenzy!
Robin closely misses you.
You closely miss the goblin. The goblin hits you with a dagger.
You die...

#..........#...#...
#..........#.#.#g# .....
##...........#.#.# .....
#...........##.#.#..%...
#............#)#.#......
#............#.#.#.......
#..............#..g......
......<†.....>###g.......
..............##@g.......
##.............ggg...!...
#.#.........†...........
#.#[#.#..........)......
#.......................
#.†.#.#..)...#........##
#............#....)...#
#..........#.#.#......#
#..........#.#.#......#


You could see Robin, a hobgoblin and 4 goblins.

Vanquished Creatures
  A dart slug (D:1)
  2 giant geckos (D:1)
  4 bats
  2 giant cockroaches (D:2)
  6 goblins
  5 hobgoblins
  A quokka (D:2)
  2 kobolds
  5 rats
28 creatures vanquished.

Notes
Turn   | Place    | Note
--------------------------------------------------------------
     0 | D:1      | epen the Gargoyle Gladiator began the quest for the Orb.
     0 | D:1      | Reached XP level 1. HP: 12/12 MP: 1/1
   106 | D:1      | Reached XP level 2. HP: 18/18 MP: 2/2
   582 | D:2      | Reached XP level 3. HP: 21/22 MP: 3/3
   633 | D:2      | Noticed Robin
   643 | D:2      | HP: 1/33 [goblin/mace[Robin] (2)]
   644 | D:2      | Slain by a goblin

Action                   || total
-------------------------++-------
Melee: Flail             ||   100
  Use: Potion            ||     1
Armor: Leather armour    ||    39
Dodge: Dodged            ||    87
